 Dungeon Crawl Stone Soup version 0.29-a0-333-gb4c28e87c6 (webtiles) character file.

Game seed: 4027840225250516818

159 KateM the Slasher (level 5, -2/47 HPs)
             Began as a Minotaur Fighter on Apr 13, 2022.
             Killed from afar by a white imp (7 damage)
             ... with a puff of frost
             ... summoned by Natasha
             ... on level 4 of the Dungeon.
             The game lasted 00:04:09 (3386 turns).

KateM the Slasher (Minotaur Fighter)                Turns: 3386, Time: 00:04:10

Health: -2/47      AC: 14    Str: 23    XL:     5   Next: 17%
Magic:  4/4        EV:  6    Int:  5    God:
Gold:   157        SH:  4    Dex:  9    Spells: 4/4 levels left

rFire   . . .      SeeInvis .   a - +0 long sword
rCold   . . .      Faith    .   c - +0 buckler
rNeg    . . .      Spirit   .   o - +0 plate armour
rPois   .          Reflect  .   (helmet restricted)
rElec   .          Harm     .   (no cloak)
rCorr   .          Rampage  .   h - +0 pair of gloves
Will    .....                   j - +0 pair of boots
Stlth   ..........              (no amulet)
HPRegen 0.15/turn               (no ring)
MPRegen 0.09/turn               (no ring)

@: flying, slowed, very slow
A: horns 2, retaliatory headbutt
a: no special abilities


You were on level 4 of the Dungeon.
You visited 1 branch of the dungeon, and saw 4 of its levels.

You collected 157 gold pieces.

Inventory:

Hand Weapons
 a - a +0 long sword (weapon)
Armour
 b - a +0 scale mail
 c - a +0 buckler (worn)
 h - a +0 pair of gloves (worn)
 j - a +0 pair of boots (worn)
 o - a +0 plate armour (worn)
Scrolls
 e - 6 scrolls of identify {unknown}
 f - 2 scrolls of amnesia {unknown}
 i - 2 scrolls of teleportation {unknown}
 n - a scroll of blinking {unknown}
 q - a scroll of immolation {unknown}
 r - a scroll of enchant armour {unknown}
Potions
 d - a potion of might
 g - a potion of haste {unknown}
 k - 2 potions of berserk rage {unknown}
 l - 5 potions of mutation {unknown}
 p - a potion of degeneration {unknown}
 s - a potion of brilliance {unknown}


   Skills:
 + Level 4.6 Fighting
 * Level 4.9 Long Blades
 + Level 4.7 Armour
 - Level 3.6 Shields


You had 4 spell levels left.
You didn't know any spells.
Your spell library contained the following spells:

 Spells                   Type           Power      Damage    Failure   Level
 Freeze                   Ice            0%         1d3       100%        1
 Magic Dart               Conj           0%         1d3       100%        1
 Searing Ray              Conj           0%         2d4       100%        2
 Frozen Ramparts          Ice            0%         1d2       100%        3
 Gell's Gravitas          Tloc           0%         N/A       100%        3
 Lesser Beckoning         Tloc           0%         N/A       100%        3
 Teleport Other           Tloc           0%         N/A       100%        3
 Fulminant Prism          Conj/Hex       0%         3d6       100%        4
 Hailstorm                Conj/Ice       0%         3d3       100%        4


Dungeon Overview and Level Annotations

Branches:
Dungeon (4/15)
 Temple: D:4-7

Altars:

Shops:
D:1 (:[(

Annotations:
D:4 Natasha


Innate Abilities, Weirdness & Mutations

You have a pair of horns on your head.
You reflexively headbutt those who attack you in melee.


Message History

Natasha is moderately wounded.
Natasha claws you but does no damage. The gnoll hits you with a +0 halberd.
Natasha claws you. You block the gnoll's attack.
You barely miss Natasha.
Natasha is moderately wounded.
Natasha claws you but does no damage. You block the gnoll's attack.
Natasha claws you but does no damage.
You barely miss Natasha. Your headbutt misses Natasha.
Natasha is moderately wounded.
You block the gnoll's attack.
Natasha casts a spell.
The gnoll hits you but does no damage.
You closely miss Natasha.
Natasha is moderately wounded.
You block Natasha's attack. You block the gnoll's attack.
The crimson imp blinks!
Natasha casts a spell.
The gnoll hits you but does no damage.
A hobgoblin comes into view.
You barely miss Natasha.
Natasha is moderately wounded.
The hobgoblin shouts!
The crimson imp hits you but does no damage.
Natasha barely misses you. The gnoll hits you with a +0 halberd.
The white imp gestures at you.
The puff of frost hits you but does no damage.
The crimson imp hits you but does no damage.
Natasha claws you. The gnoll hits you with a +0 halberd!
* * * LOW HITPOINT WARNING * * *
It was a potion of flight.
You feel very buoyant.
You fly up into the air.
The white imp gestures at you.
The puff of frost hits you but does no damage.
The crimson imp blinks!
Natasha stares at you and mumbles some strange words.
You resist with some effort. The gnoll hits you but does no damage.
The white imp gestures at you. The puff of frost hits you!
You die...

...... ......
...... ......
......# ......
....... .....
....g.. ...
.......###.####
#.).......#
##.h§<....##
#.g@5......#
#..........#.#
####.......#
#.......#
#.....5.#
#.......#
#######... ##.


You could see Natasha, a gnoll, a crimson imp (summoned), a white imp (summoned)
and a hobgoblin.

Vanquished Creatures
  2 gnolls
  4 adders
  A worm (D:2)
  5 dart slugs
  9 ball pythons
  3 bats
  10 endoplasms
  2 giant cockroaches
  11 goblins
  4 hobgoblins
  11 jackals (D:1)
  6 kobolds
  6 quokkas
  3 frilled lizards
  4 rats
81 creatures vanquished.

Notes
Turn   | Place    | Note
-------+----------+-------------------------------------------
     0 | D:1      | KateM the Minotaur Fighter began the quest for the Orb.
     0 | D:1      | Reached XP level 1. HP: 19/19 MP: 0/0
    13 | D:1      | Found Uxifreez's Armour Boutique.
   123 | D:1      | Reached XP level 2. HP: 27/27 MP: 1/1
   312 | D:1      | Found Ereehi's Antique Weapon Emporium.
   665 | D:1      | Reached XP level 3. HP: 29/33 MP: 2/2
  1125 | D:1      | Found Iloesob's Book Shop.
  1137 | D:1      | Found Imoele's Antique Weapon Boutique.
  1510 | D:2      | Reached XP level 4. HP: 40/40 MP: 3/3
  1516 | D:2      | Found a faded altar of an unknown god.
  3069 | D:4      | Noticed Natasha
  3071 | D:4      | Reached XP level 5. HP: 20/47 MP: 4/4
  3386 | D:4      | Killed from afar by a white imp

Illustrated notes

Levels and vault maps discovered:
D:1:      lightli_arrival_boilingwater, layout_basic, serial_shops, shop,
          shop_statue, shop, shop, minivault_19,
          amcnicky_mini_rare_corridor_liquid, minmay_pentomino_u2
D:2:      layout_rooms, hellmonk_ecumenical_altar_heavens_door,
          grunt_ministairs_9
D:3:      layout_loops_corners, chequers_hall_statues_wall_a
D:4:      layout_rooms, minmay_temple_entry_metal_lava, minivault_5, uniq_robin,
          uniq_natasha

Skill      XL: |  1  2  3 |
---------------+----------+-----
Long Blades    | 3 4 |  4.9
Fighting       | 4 |  4.6
Armour         | 4 |  4.7
Shields        | |  3.6

Action                   |  1- 3 |  4- 6 || total
-------------------------+-------+-------++-------
Melee: Long sword        |    97 |    92 ||   189
       Headbutt          |    10 |    16 ||    26
  Use: Potion            |       |     1 ||     1
Armor: Scale mail        |    54 |    11 ||    65
       Plate armour      |       |    53 ||    53
Dodge: Dodged            |    60 |    27 ||    87
Block: Buckler           |    14 |    28 ||    42

Table legend: (Time is in decaauts)
 A = Elapsed time spent in this place.
 B = Non-inter-level travel time spent in this place.
 C = Inter-level travel time spent in this place.
 D = Time resting spent in this place.
 E = Time spent auto-exploring this place.
 F = Levels seen in this place.
 G = Mean time per level.
                   A        B        C        D        E       F      G
               +--------+--------+--------+--------+--------+-----+--------+
         Total |   3444 |   3444 |      0 |    286 |   2489 |   4 |  861.0 |
       Dungeon |   3444 |   3444 |      0 |    286 |   2489 |   4 |  861.0 |
               +--------+--------+--------+--------+--------+-----+--------+

Top non-repeatable levels by time:
     D:1: 1497 daAuts
     D:3: 1380 daAuts
     D:2: 540 daAuts
     D:4: 26 daAuts
